 Dungeon Crawl Stone Soup version 0.29-a0-384-g6960b1960d (webtiles) character file.

Game seed: 413597911845557009

43 dracfodder the Skirmisher (level 3, -4/36 HPs)
             Began as a Gargoyle Berserker on May 6, 2022.
             Was a Believer of Trog.
             Slain by an ogre
             ... wielding a +0 giant spiked club
              (15 damage)
             ... on level 2 of the Dungeon.
             The game lasted 00:03:50 (1541 turns).

dracfodder the Skirmisher (Gargoyle Berserker)      Turns: 1541, Time: 00:03:51

Health: -4/36      AC: 14    Str: 22    XL:     3   Next: 58%
Magic:  3/3        EV:  6    Int:  7    God:    Trog [**....]
Gold:   49         SH:  0    Dex:  9    Spells: 2/2 levels left

rFire   . . .      SeeInvis +   a - +0 mace
rCold   . . .      Faith    .   (no shield)
rNeg    + . .      Spirit   .   f - +0 plate armour
rPois   ∞          Reflect  .   (no helmet)
rElec   +          Harm     .   (no cloak)
rCorr   .          Rampage  .   (no gloves)
Will    .....                   (no boots)
Stlth   ..........              (no amulet)
HPRegen 0.12/turn               g - ring of see invisible
MPRegen 0.08/turn               (no ring)

@: berserking, very quick
A: sickness immunity, AC +3, negative energy resistance 1, electricity
resistance, torment resistance 1, petrification resistance
a: Renounce Religion, Berserk, Trog's Hand


You were on level 2 of the Dungeon.
You worshipped Trog.
Trog was pleased with you.
You visited 1 branch of the dungeon, and saw 2 of its levels.

You collected 49 gold pieces.

Inventory:

Hand Weapons
 a - a +0 mace (weapon)
 b - a +0 hunting sling
Armour
 f - a +0 plate armour (worn)
Jewellery
 g - a ring of see invisible (left hand)
 j - a +6 ring of dexterity
Scrolls
 d - 2 scrolls of poison {unknown}
 e - a scroll of immolation {unknown}
 h - 2 scrolls of enchant weapon {unknown}
 i - a scroll of identify {unknown}
 l - a scroll of amnesia {unknown}
 m - a scroll of teleportation {unknown}
Potions
 c - 2 potions of lignification {unknown}
 k - 2 potions of heal wounds {unknown}


   Skills:
 * Level 4.2 Fighting
 + Level 3.5 Maces & Flails
 + Level 0.2 Slings
 + Level 2.3 Armour
 + Level 1.7 Dodging


You had 2 spell levels left.
You didn't know any spells.
Your spell library was empty.

Dungeon Overview and Level Annotations

Branches:
Dungeon (2/15)

Altars:


Innate Abilities, Weirdness & Mutations

You are immune to sickness and miasma.
Your stone body is resilient. (AC +3)
You are immune to poison.
You resist negative energy. (rN+)
You are resistant to electric shocks. (rElec)
You are resistant to unholy torment.
You are immune to petrification.


Message History

Found a ring mail.
You see here a +0 ring mail.
A hobgoblin comes into view.
The hobgoblin shouts!
A bat comes into view.
The hobgoblin hits you but does no damage.
You closely miss the hobgoblin. The bat hits you but does no damage.
The bat barely misses you. The bat hits you but does no damage.
The hobgoblin barely misses you.
The hobgoblin hits you but does no damage.
You hit the hobgoblin.
The hobgoblin is heavily wounded.
The bat hits you but does no damage.
The hobgoblin hits you but does no damage.
The bat hits you.
You thump the hobgoblin!
You kill the hobgoblin!
Trog accepts your kill. The bat closely misses you.
You closely miss the bat. The bat hits you but does no damage.
You sock the bat!
You kill the bat!
Trog accepts your kill.
No target in view!
m - a scroll labelled WIBELLEHID An ogre comes into view.
It is wielding a +0 giant spiked club.
The ogre hits you with a +0 giant spiked club.
You barely miss the ogre. You hit the ogre.
The ogre is lightly wounded.
The ogre hits you with a +0 giant spiked club!
Ouch! That really hurt!
* * * LOW HITPOINT WARNING * * *
You are too injured to fight recklessly!
You are too injured to fight recklessly!
Unknown command.
A red film seems to cover your vision as you go berserk!
You feel yourself moving faster!
You feel mighty!
The ogre hits you with a +0 giant spiked club!
You die...

#.....#
#.......
....#...###
#...##..
#.#####....
#....... ..
....##
#.##...# ##
##..#
#....##.
##..##
#..##...
#....##
###..... .
#.##..##
#....... .
#@###..##
########
#...O#
##..#
##...#
##.## #.#.#
#..# #
..#.#
##.#### #
#.....
#....######
## ###
####.......
#.....##
#.....#


You could see an ogre.

Vanquished Creatures
  2 dart slugs (D:1)
  6 endoplasms
  3 goblins
  4 hobgoblins
  4 jackals (D:1)
  A kobold (D:1)
  A quokka (D:2)
  2 ball pythons
  4 bats
  4 frilled lizards
  3 rats
34 creatures vanquished.

Vanquished Creatures (others)
  2 plants (D:1)
  7 withered plants (D:1)
9 creatures vanquished.

Grand Total: 43 creatures vanquished

Notes
Turn   | Place    | Note
-------+----------+-------------------------------------------
     0 | D:1      | dracfodder the Gargoyle Berserker began the quest for the
                  | Orb.
     0 | D:1      | Reached XP level 1. HP: 14/14 MP: 1/1
   383 | D:1      | Reached XP level 2. HP: 20/20 MP: 2/2
   691 | D:1      | Reached skill level 4 in Fighting
   804 | D:1      | Reached XP level 3. HP: 24/24 MP: 3/3
   914 | D:1      | Found a faded altar of an unknown god.
  1357 | D:2      | Reached ** piety under Trog
  1536 | D:2      | Noticed an ogre
  1541 | D:2      | Slain by an ogre

Illustrated notes

Levels and vault maps discovered:
D:1:      wander_arrival_lonely_grave, layout_loops_ring,
          shapermc_ecumenical_altar_flowoftime
D:2:      layout_rooms, basic_altar, hangedman_decor_peaks_small

Skill      XL: |  1  2 |
---------------+-------+-----
Fighting       | 4 |  4.2
Maces & Flails | |  3.5
Slings         | |  0.2
Armour         | |  2.3
Dodging        | |  1.7

Action                   || total
-------------------------++-------
Melee: Mace              ||   114
       Punch             ||     1
 Fire: Hunting sling     ||    30
Invok: Berserk           ||     1
Armor: Plate armour      ||    69
Dodge: Dodged            ||    33

Table legend: (Time is in decaauts)
 A = Elapsed time spent in this place.
 B = Non-inter-level travel time spent in this place.
 C = Inter-level travel time spent in this place.
 D = Time resting spent in this place.
 E = Time spent auto-exploring this place.
 F = Levels seen in this place.
 G = Mean time per level.
                   A        B        C        D        E       F      G
               +--------+--------+--------+--------+--------+-----+--------+
         Total |   1591 |   1566 |     25 |    180 |   1022 |   2 |  795.5 |
       Dungeon |   1591 |   1566 |     25 |    180 |   1022 |   2 |  795.5 |
               +--------+--------+--------+--------+--------+-----+--------+

Top non-repeatable levels by time:
     D:1: 1299 daAuts
     D:2: 292 daAuts
